 Dungeon Crawl Stone Soup version 0.23-a0-319-gb40ba49 (webtiles) character file.

19963 tatocazan the Grappler (level 12, -3/128 HPs)
             Began as a Troll Fighter on Oct 14, 2018.
             Was an Elder of Trog.
             Slain by a seven-headed hydra (10 damage)
             ... on level 2 of the Lair of Beasts.
             The game lasted 00:33:21 (13043 turns).

tatocazan the Grappler (Troll Fighter)             Turns: 13043, Time: 00:33:22

Health: -3/128     AC: 12    Str: 27    XL:     12   Next: 41%
Magic:  11/11      EV:  9    Int:  4    God:    Trog [****..]
Gold:   782        SH: 20    Dex: 13    Spells: 11/11 levels left

rFire    + . .     SeeInvis .     - Unarmed
rCold    . . .     Gourm    +   N - +0 large shield
rNeg     . . .     Faith    .   j - +0 acid dragon scales
rPois    .         Spirit   .   (helmet restricted)
rElec    .         Reflect  +   a - +1 cloak
rCorr    +         Harm     .   (gloves unavailable)
MR       .....                  (boots unavailable)
Stlth    +.........             Q - +3 amulet of reflection
HPRegen  0.71/turn              I - ring of protection from fire
MPRegen  0.12/turn              x - ring of resist corrosion

@: about to teleport
A: large, unfitting armour, claws 3, fast metabolism 3, gourmand, regeneration
1, shaggy fur 1, tough skin 2
a: Berserk, Trog's Hand, Brothers in Arms, Renounce Religion


You were on level 2 of the Lair of Beasts.
You worshipped Trog.
Trog was greatly pleased with you.
You were very full.

You visited 3 branches of the dungeon, and saw 15 of its levels.
You also visited: Sewer and Ossuary.

You collected 782 gold pieces.

Inventory:

Missiles
 m - 22 tomahawks (quivered)
 s - 8 javelins
 G - 3 throwing nets
Armour
 a - a +1 cloak (worn)
 j - +0 acid dragon scales (worn)
 t - a scarf of repulsion
 C - a +1 troll leather armour {Purgy}
 N - a +0 large shield (worn)
Jewellery
 h - an uncursed amulet of rage
 x - a ring of resist corrosion (right claw)
 D - an uncursed ring of see invisible
 I - a ring of protection from fire (left claw)
 Q - a +3 amulet of reflection (around neck)
 R - a cursed ring of teleportation {unknown}
Wands
 v - a wand of disintegration (1)
 z - a wand of flame (56)
 B - a wand of random effects (47)
 L - a wand of acid (1)
 O - a wand of polymorph (12)
Scrolls
 e - 14 scrolls of remove curse
 g - 5 scrolls of identify
 i - 4 scrolls of enchant weapon
 l - 2 scrolls of immolation
 p - 3 scrolls of enchant armour
 q - 8 scrolls of teleportation
 u - 3 scrolls of amnesia
 y - a scroll of fear
 J - a scroll of fog
 M - a scroll of summoning {unknown}
Potions
 b - 2 potions of berserk rage {unknown}
 c - 4 potions of might
 f - 3 potions of flight
 k - 3 potions of heal wounds
 n - 2 potions of mutation
 o - a potion of ambrosia {unknown}
 r - 3 potions of lignification
 w - 3 potions of brilliance
 A - a potion of agility
 E - 9 potions of curing
 F - 2 potions of haste
 H - a potion of cancellation
 K - a potion of degeneration {unknown}
 P - a potion of magic {unknown}
Comestibles
 d - 29 rations
 S - 16 chunks of flesh


   Skills:
 * Level 10.6 Fighting
 + Level 4.7 Armour
 + Level 4.8 Dodging
 * Level 6.6 Shields
 - Level 12.9 Unarmed Combat


You had 11 spell levels left.
You didn't know any spells.
Your spell library was empty.

Dungeon Overview and Level Annotations

Branches:
Dungeon (11/15)            Temple (1/1) D:7            Lair (3/6) D:8
    Orc (0/2) D:11
  Swamp: Lair:2-4    Shoals: Lair:2-4     Snake: Lair:2-4    Spider: Lair:2-4

Altars:
Ashenzari
Cheibriados
Dithmenos
Elyvilon
Fedhas
Gozag
Hepliaklqana
Kikubaaqudgha
Makhleb
Nemelex Xobeh
Okawaru
Qazlal
Ru
Sif Muna
Trog
Uskayaw
Vehumet
Wu Jian
Xom
Yredelemnul
Zin
The Shining One

Annotations:
D:10 exclusion: orange crystal statue
Lair:2 fant, exclusion: 4 oklob plants, ZeeToo's ghost, adept HOFi


Innate Abilities, Weirdness & Mutations

You are too large for most types of armour.
You have claws for hands.
Your metabolism is lightning-fast.
You like to eat raw meat.
Your natural rate of healing is unusually fast.
You are covered in fur. (AC +1)
You have very tough skin. (AC +2)


Message History

Level annotation: fant, exclusion: 4 oklob plants, ZeeToo's ghost, adept HOFi
There is a stone staircase leading down here.
You take 18 damage, and have 4/128 hp.
You feel much better. The seven-headed hydra bites you!
* * * LOW HITPOINT WARNING * * *
You block the seven-headed hydra's attack.
The seven-headed hydra bites you!
* * * LOW HITPOINT WARNING * * *
You block the seven-headed hydra's attack.
The seven-headed hydra barely misses you.
The seven-headed hydra bites you but does no damage.
You block the seven-headed hydra's attack.
The water moccasin closely misses you.
You regained 2 hp, and now have 6/128 hp.
As you read the scroll of teleportation, it crumbles to dust.
You feel strangely unstable.
You block the seven-headed hydra's attack.
The seven-headed hydra bites you but does no damage.
The seven-headed hydra bites you!
You die...

##..P(#########..#..##..###
.......P#.##.......P##..#
.####.....###..P#...#...#
..........# #.(.....##..##
..........# ###.#...#....#
.#........# ##.###...#..##
..........###.###....#..#
...........##...SD......##
##..............@.#......#
#........P###.#PP.P.P#...#
###...##### ####P.......##
##P.P.P# ##.>......#
......## ### ####...#.###
...#P..####.###P##...#..##
####..###...........##.#.#
#..##..##.###.####...##
##.##P.#### ### #..##


You could see a seven-headed hydra and a water moccasin.

Vanquished Creatures
  A hydra (Lair:1)
  4 two-headed ogres
  The ghost of Tarl the Cruncher, a journeyman GrGl of Wu Jian (Lair:1)
  2 unseen horrors (D:10)
  Pikel (D:7)
  An ugly thing (D:8)
  A centaur zombie (D:10)
  A centaur skeleton (D:10)
  A gargoyle (D:11)
  4 spiny frogs (Lair:2)
  A troll (D:10)
  A hippogriff (D:9)
  A wyvern (Lair:1)
  17 yaks
  A hungry ghost (D:10)
  Grum (D:8)
  A death yak simulacrum (Lair:1)
  A hydra simulacrum (Lair:1)
  An acid dragon (D:8)
  3 water moccasins
  2 porcupines (Lair:3)
  4 orc warriors
  3 phantoms
  A spectral torpor snail (Lair:1)
  3 ice beasts
  4 sky beasts
  Purgy (Sewer)
  A black bear (D:10)
  A necrophage (D:8)
  6 ogres
  A black mamba simulacrum (Lair:1)
  17 wolves
  3 centaurs
  2 big kobolds
  3 crocodiles
  Blork the orc (D:4)
  11 bullfrogs
  A spiny frog simulacrum (Lair:1)
  3 water moccasin zombies (Ossuary)
  4 scorpions
  A wyvern skeleton (D:6)
  A dream sheep simulacrum (Lair:1)
  9 killer bees
  3 wights (D:6)
  A howler monkey (D:5)
  5 crimson imps
  A hound (D:9)
  2 quasits
  3 jellies
  A bullfrog zombie (D:10)
  10 orc wizards
  A gnoll shaman (D:4)
  5 orc priests
  2 bullfrog skeletons
  Ijyb (D:3)
  2 iguanas
  Terence (D:3)
  6 worker ants
  4 big kobold zombies (Ossuary)
  A hound skeleton (D:6)
  2 mummies (Ossuary)
  A howler monkey zombie (D:6)
  3 worker ant zombies
  7 gnolls
  12 adders
  2 shadow imps
  An ooze (D:7)
  An adder skeleton (D:10)
  4 adder zombies (Ossuary)
  A worm (D:3)
  3 leopard geckos
  42 orcs
  8 giant cockroaches
  3 gnoll zombies (Ossuary)
  7 goblins
  A hobgoblin (D:3)
  7 jackals
  17 kobolds
  2 quokkas
  3 ball pythons
  11 bats
  5 frilled lizards
  5 hobgoblin zombies (Ossuary)
  A jackal skeleton (D:4)
  4 kobold zombies (Ossuary)
  3 leopard gecko skeletons
  6 orc zombies (Ossuary)
  A quokka skeleton (D:4)
  A quokka zombie (D:5)
  3 rats
344 creatures vanquished.

Vanquished Creatures (collateral kills)
  A hydra (Lair:1)
1 creature vanquished.

Vanquished Creatures (others)
  2 slaves (D:7)
  A centaur (D:10)
  A fungus (Lair:2)
  2 plants (Lair:2)
6 creatures vanquished.

Grand Total: 351 creatures vanquished

Notes
Turn   | Place    | Note
-------+----------+-------------------------------------------
     0 | D:1      | tatocazan the Troll Fighter began the quest for the Orb.
     0 | D:1      | Reached XP level 1. HP: 22/22 MP: 0/0
   206 | D:1      | Reached XP level 2. HP: 29/29 MP: 1/1
  1018 | D:2      | Reached skill level 3 in Unarmed Combat
  1018 | D:2      | Reached XP level 3. HP: 33/36 MP: 2/2
  1129 | D:2      | Found an ornate altar of the Wu Jian Council.
  1721 | D:3      | Noticed an orc warrior
  1797 | D:3      | Noticed Terence
  1809 | D:3      | Killed Terence
  1809 | D:3      | Reached XP level 4. HP: 27/45 MP: 3/3
  1849 | D:3      | Noticed Ijyb
  1860 | D:3      | Killed Ijyb
  1860 | D:3      | Reached skill level 4 in Unarmed Combat
  2049 | D:3      | Killed an orc warrior
  2049 | D:3      | Reached skill level 5 in Unarmed Combat
  2049 | D:3      | Reached XP level 5. HP: 53/53 MP: 4/4
  2157 | D:3      | Found a glowing drain.
  2166 | Sewer    | Entered a sewer
  2229 | Sewer    | Noticed Purgy
  2237 | Sewer    | Killed Purgy
  2237 | Sewer    | Reached XP level 6. HP: 55/62 MP: 5/5
  2624 | D:4      | Found a blossoming altar of Fedhas.
  2642 | D:4      | Reached skill level 6 in Unarmed Combat
  2766 | D:4      | Noticed Blork the orc
  2774 | D:4      | Killed Blork the orc
  2774 | D:4      | Reached XP level 7. HP: 63/71 MP: 6/6
  3186 | D:5      | Entered Level 5 of the Dungeon
  3196 | D:5      | Reached skill level 7 in Unarmed Combat
  3731 | D:5      | Reached skill level 5 in Fighting
  3887 | D:5      | Reached XP level 8. HP: 62/80 MP: 7/7
  3891 | D:5      | Reached skill level 8 in Unarmed Combat
  4334 | D:5      | Found a hide-covered altar of Uskayaw.
  4804 | D:6      | Found the +3 warlock's mirror {reflect}
  4988 | D:6      | Reached skill level 9 in Unarmed Combat
  5163 | D:7      | Noticed Pikel
  5171 | D:7      | Killed Pikel
  5171 | D:7      | Reached XP level 9. HP: 72/89 MP: 8/8
  5309 | D:7      | Reached skill level 10 in Unarmed Combat
  5629 | D:7      | Found a shimmering altar of Xom.
  5738 | D:7      | Found a staircase to the Ecumenical Temple.
  5841 | Temple   | Entered the Ecumenical Temple
  5937 | Temple   | Became a worshipper of Trog the Wrathful
  6120 | D:8      | Noticed a two-headed ogre
  6125 | D:8      | Killed a two-headed ogre
  6125 | D:8      | Reached skill level 11 in Unarmed Combat
  6172 | D:8      | Noticed a two-headed ogre
  6180 | D:8      | Killed a two-headed ogre
  6180 | D:8      | Reached XP level 10. HP: 102/102 MP: 9/9
  6269 | D:8      | Found a staircase to the Lair.
  6368 | D:8      | Reached skill level 12 in Unarmed Combat
  6543 | D:8      | Found a sand-covered staircase.
  6552 | Ossuary  | Entered an ossuary
  6603 | Ossuary  | Reached * piety under Trog
  6771 | D:8      | Found a radiant altar of Vehumet.
  6771 | D:8      | Found an opulent altar of Gozag.
  6953 | D:8      | Found a shadowy altar of Dithmenos.
  7088 | D:8      | Noticed a brown ugly thing
  7100 | D:8      | Noticed Grum
  7112 | D:8      | Reached ** piety under Trog
  7125 | D:8      | Killed Grum
  7477 | D:9      | Noticed a two-headed ogre
  7488 | D:8      | Killed a two-headed ogre
  7488 | D:8      | Reached skill level 1 in Armour
  7492 | D:8      | Killed a brown ugly thing
  8029 | D:9      | Reached XP level 11. HP: 111/113 MP: 10/10
  8033 | D:9      | Found an iron altar of Okawaru.
  8593 | D:10     | Entered Level 10 of the Dungeon
  8680 | D:10     | Noticed an unseen horror
  8683 | D:10     | Killed an unseen horror
  8701 | D:10     | Noticed an unseen horror
  8704 | D:10     | Killed an unseen horror
  8707 | D:10     | Noticed a two-headed ogre
  8715 | D:10     | Killed a two-headed ogre
  9270 | D:10     | Noticed an orange crystal statue
  9606 | D:10     | Reached *** piety under Trog
 10240 | D:11     | Found a staircase to the Orcish Mines.
 10614 | D:11     | Reached skill level 5 in Shields
 10981 | Lair:1   | Entered Level 1 of the Lair of Beasts
 11018 | Lair:1   | Reached skill level 10 in Fighting
 11437 | Lair:1   | Noticed a six-headed hydra
 11447 | Lair:1   | Killed a six-headed hydra
 11588 | Lair:1   | Reached **** piety under Trog
 11588 | Lair:1   | Reached XP level 12. HP: 126/126 MP: 11/11
 11733 | Lair:1   | Noticed a four-headed hydra
 11739 | Lair:1   | Killed a four-headed hydra
 11786 | Lair:1   | Found a runed gate.
 11787 | Lair:1   | Found a runed gate.
 11788 | Lair:1   | Found a runed gate.
 11797 | Lair:1   | Noticed Tarl's ghost (journeyman GrGl)
 11827 | Lair:1   | Killed Tarl's ghost
 12361 | Lair:2   | Found a runed door.
 12361 | Lair:2   | Noticed ZeeToo's ghost (adept HOFi)
 12867 | Lair:3   | Noticed a seven-headed hydra
 13040 | Lair:3   | HP: 6/128 [seven-headed hydra (2)]
 13040 | Lair:3   | HP: 2/128 [water moccasin (4)]
 13043 | Lair:2   | Slain by a seven-headed hydra

Vault maps used:
D:1:      scummos_arrival_checkerplants, roderic_cross_of_infinity
D:2:      nicolae_overflow_hidden_temple, first_ration
D:3:      cheibrodos_sewer_entry_drain, uniq_terence, uniq_ijyb
D:4:      fedhas_bush_and_centaur_altar, uniq_blork_the_orc
D:5:      marbit_many_paths
D:7:      lemuel_coloured_pillars_altar, minmay_temple_entry_fiery, uniq_pikel
D:8:      grunt_dithmenos_smoke, grunt_temple_overflow_open, lair_entry_dummy,
          enter_ossuary_3, uniq_grum
D:9:      kennysheep_mini_moat, grunt_ogre_cave
D:10:     minmay_misc_feat_square, minivault_16, nicolae_two_hexagons
D:11:     orc_0_dummy
Temple:   jpeg_temple_clearing
Lair:1:   gammafunk_ghost_necromancy, st_stairs_7
Lair:2:   hellmonk_ghost_happy_afterlife, minmay_lair_oklob_chamber
Lair:3:   minmay_swamp_entry_worms, minmay_snake_entry_six_corridors,
          lab_entry_generic, infiniplex_staircase_pool_2
Sewer:    kennysheep_door_sewer
Ossuary:  ossuary_tomb_2

Skill      XL: |  1  2  3  4  5  6  7  8  9 10 11 12 |
---------------+-------------------------------------+-----
Unarmed Combat | 3 5 6 7 9 11 12 | 12.9
Fighting       | 3 4 5 6 7 8 10 | 10.6
Armour         | 2 4 |  4.7
Shields        | 3 5 6 |  6.6
Dodging        | 4 |  4.8

Action                   |  1- 3 |  4- 6 |  7- 9 | 10-12 || total
-------------------------+-------+-------+-------+-------++-------
Melee: Unarmed           |    97 |    94 |   287 |   635 ||  1113
Throw: Tomahawk          |       |    10 |       |       ||    10
Invok: Berserk           |       |       |       |     3 ||     3
       Brothers in Arms  |       |       |       |     1 ||     1
 Abil: Evoke Berserk Rag |       |     2 |     2 |     3 ||     7
Evoke: Wand              |       |       |       |    20 ||    20
  Use: Scroll            |     1 |     3 |    11 |    11 ||    26
       Potion            |       |       |       |     2 ||     2
 Stab: Sleeping          |     1 |       |       |       ||     1
  Eat: Chunk             |    15 |    17 |    33 |    72 ||   137
Armor: Robe              |    47 |    18 |       |       ||    65
       Troll leather arm |       |    13 |    65 |     9 ||    87
       Acid dragon scale |       |       |       |   189 ||   189
       Skin              |       |       |       |     1 ||     1
Dodge: Dodged            |    41 |    28 |    47 |   164 ||   280
       Deflected         |       |     3 |     1 |     4 ||     8
Block: Shield            |    57 |    57 |   101 |    59 ||   274
       Large shield      |       |       |       |   479 ||   479
       Reflection        |       |       |       |     8 ||     8

Table legend:
 A = Non-vault XP
 B = Vault XP
 C = Vault XP percentage of total XP
 D = Non-vault monster count
 E = Vault monster count
 F = Vault count percentage of total count
                 A         B        C        D         E       F
            +---------+---------+-------+---------+---------+-------
      Total |   23982 |    4537 |  15.9 |     282 |      64 |  18.5
            +---------+---------+-------+---------+---------+-------
        D:1 |      30 |       0 |   0.0 |      20 |       0 |   0.0
        D:2 |      32 |       0 |   0.0 |       6 |       0 |   0.0
        D:3 |     209 |      79 |  27.4 |      19 |       4 |  17.4
        D:4 |     324 |     211 |  39.4 |      14 |       2 |  12.5
        D:5 |     561 |      55 |   8.9 |      28 |       1 |   3.4
        D:6 |     695 |       0 |   0.0 |      25 |       0 |   0.0
        D:7 |     834 |     629 |  43.0 |      17 |       1 |   5.6
        D:8 |    4700 |     537 |  10.3 |      32 |       4 |  11.1
        D:9 |    2160 |     118 |   5.2 |      24 |       1 |   4.0
       D:10 |    5258 |       0 |   0.0 |      42 |       0 |   0.0
       D:11 |    1794 |       0 |   0.0 |      18 |       0 |   0.0
     Lair:1 |    3904 |    1811 |  31.7 |      17 |       9 |  34.6
     Lair:2 |    3189 |     516 |  13.9 |      18 |       2 |  10.0
     Lair:3 |     292 |      28 |   8.8 |       2 |       3 |  60.0
      Sewer |       0 |     133 | 100.0 |       0 |       6 | 100.0
    Ossuary |       0 |     420 | 100.0 |       0 |      31 | 100.0
            +---------+---------+-------+---------+---------+-------
